Map: Port Aleksander LE

Players

aukirko - Winner!

  • Race: Protoss Protoss
  • League: Diamond
  • Spawn Location: 11:00

Common

  • Race: Zerg Zerg
  • League: Diamond
  • Spawn Location: 5:00

VOD

Have the link to the VOD?

Description

Time

  • Played on: Jan. 27, 2019, 2:34 a.m.
  • Length: 21:52
Show
View Real Time Build Order
Export as new Build Order

aukirko Protoss - Winner!

Build Orders: Oracle Opening, Phoenix Opening 

Get SALT Encoding   

  12  0:01  Probe  
  13  0:13  Probe  
  14  0:21  Pylon  
  14  0:25  Probe  
  15  0:39  Probe  
  15  0:42  Gateway  
  16  0:47  Probe  
  16  0:53  Assimilator  
  16  0:55  Probe  
  18  1:06  Probe  
  19  1:13  Assimilator  
  19  1:14  Probe  
  20  1:22  Probe  
  20  1:31  Cybernetics Core  
  21  1:37  Probe  
  22  1:49  Probe  
  23  2:10  Warp Gate  
  23  2:14  Pylon  
  23  2:29  Nexus  
  23  2:32  Probe, Zealot  
  23  2:36  Stargate  
  26  2:44  Probe  
  27  2:56  Probe  
  28  3:06  Pylon  
  28  3:08  Probe  
  28  3:09  Gateway  
  28  3:11  Gateway  
  29  3:15  Oracle, Adept  
  31  3:24  Probe  
  35  3:36  Probe  
  36  3:44  Probe  
  36  3:48  Probe  
  37  3:52  Phoenix  
  37  3:53  Probe  
  39  3:56  Probe  
  39  4:01  Probe  
  41  4:04  Probe  
  43  4:10  Probe  
  44  4:37  Probe  
  44  4:40  Probe  
  44  4:45  Probe  
  46  4:48  Gateway, Twilight Council  
  46  4:51  Pylon  
  46  4:52  Probe  
  48  4:54  Probe  
  49  5:02  Void Ray  
  49  5:04  Probe  
  54  5:14  Probe  
  54  5:16  Assimilator, Probe  
  54  5:18  Assimilator  
  54  5:20  Adept x3  
  60  5:28  Probe  
  60  5:43  Nexus  
  60  5:48  Pylon  
  60  5:50  Pylon  
  60  5:52  Resonating Glaives  
  60  5:53  Probe  
  60  5:55  Probe  
  62  6:02  Probe  
  62  6:06  Void Ray  
  62  6:07  Probe  
  68  6:13  Pylon  
  68  6:14  Pylon  
  68  6:18  Pylon  
  68  6:20  Probe  
  69  6:26  Probe  
  69  6:32  Adept x2, Probe  
  73  6:33  Adept x2  
  73  6:39  Probe  
  80  6:49  Void Ray  
  84  6:56  Robotics Facility  
  84  6:59  Fleet Beacon  
  84  7:02  Fleet Beacon  
  84  7:07  Stargate  
  84  7:12  Gateway  
  84  7:14  Pylon  
  84  7:18  Gateway  
  84  7:21  Probe x3  
  84  7:22  Gateway  
  87  7:33  Probe x3  
  90  7:37  Robotics Facility  
  90  7:40  Carrier  
  90  7:41  Adept x4  
  90  7:42  Pylon  
  98  7:45  Probe x3  
  98  7:47  Assimilator  
  98  7:51  Assimilator  
  107  7:53  Observer  
  107  7:57  Probe x2  
  110  7:59  Carrier  
  110  8:02  Robotics Facility  
  110  8:05  Robotics Bay  
  110  8:10  Protoss Air Weapons Level 1  
  110  8:12  Probe x3  
  119  8:20  Shield Battery  
  119  8:21  Shield Battery  
  119  8:45  Nexus, Stalker x4  
  119  8:46  Stalker x2  
  119  8:47  Pylon  
  131  8:51  Observer x2  
  133  8:59  Carrier  
  133  9:06  Pylon  
  139  9:12  Charge  
  139  9:13  Zealot  
  141  9:24  Pylon  
  141  9:28  Pylon, Forge  
  141  9:29  Forge  
  141  9:31  Colossus, Extended Thermal Lance  
  141  9:37  Carrier  
  147  9:38  Probe x2  
  147  9:42  Pylon, Probe  
  150  9:50  Probe  
  150  9:51  Probe  
  158  9:55  Colossus  
  158  9:58  Zealot x2  
  168  10:00  Zealot  
  168  10:05  Probe  
  168  10:06  Assimilator, Probe  
  172  10:07  Probe  
  172  10:09  Assimilator  
  172  10:13  Protoss Ground Weapons Level 1, Protoss Ground Armor Level 1  
  173  10:17  Probe x2  
  173  10:18  Probe  
  173  10:19  Probe  
  177  10:29  Probe x2  
  177  10:34  Probe  
  177  10:35  Probe  
  181  10:39  Shield Battery  
  181  10:41  Probe  
  181  10:42  Shield Battery  
  180  10:54  Immortal x2  
  180  10:56  Cybernetics Core  
  188  10:59  Robotics Facility  
  188  11:15  Templar Archives  
  188  11:21  Gateway  
  188  11:22  Gateway  
  188  11:25  Gateway  
  188  11:29  Gateway  
  188  11:32  Pylon  
  188  11:34  Pylon  
  188  11:35  Pylon  
  188  11:36  Protoss Air Armor Level 1  
  188  11:45  Protoss Air Weapons Level 2  
  188  11:47  Nexus, Pylon  
  188  11:48  Photon Cannon  
  188  11:50  Void Ray, Observer  
  188  11:51  Observer  
  188  11:52  Void Ray  
  191  12:36  Void Ray x2  
  193  12:42  Mothership, Stargate  
  187  12:50  Stargate  
  187  12:51  Protoss Ground Weapons Level 2, Protoss Ground Armor Level 2  
  181  12:52  Stargate  
  189  13:19  Void Ray  
  193  13:24  Assimilator  
  193  13:27  Assimilator  
  193  13:29  Pylon  
  193  13:30  Photon Cannon  
  193  13:32  Pylon  
  192  13:34  Void Ray  
  192  13:35  Void Ray  
  198  13:49  Photon Cannon  
  198  13:51  Shield Battery  
  198  13:53  Shield Battery  
  194  13:56  Pylon, Shield Battery  
  192  14:05  Stalker  
  192  14:06  Stalker x3  
  192  14:07  Stalker  
  178  14:17  Stalker  
  178  14:18  Stalker x4  
  178  14:19  Stalker  
  190  14:27  Void Ray  
  190  14:28  Void Ray  
  190  14:30  Observer x2  
  200  14:35  Blink  
  194  14:59  Pylon  
  190  15:02  Shield Battery  
  190  15:03  Shield Battery  
  190  15:04  Tempest  
  190  15:05  Tempest  
  190  15:10  Photon Cannon x2  
  190  15:12  Photon Cannon  
  194  15:24  Tempest  
  194  15:25  Observer  
  192  15:30  Photon Cannon  
  197  16:00  Stalker  
  193  16:25  Stalker  
  193  16:26  Stalker x2  
  193  16:27  Observer  
  186  16:40  Stalker x4  
  186  16:41  Stalker x2  
  186  16:42  Stalker  
  186  16:43  Zealot  
  196  16:51  Dark Shrine  
  196  16:57  Zealot x2  
  200  17:02  Protoss Ground Armor Level 3, Protoss Ground Weapons Level 3  
  200  17:06  Protoss Air Weapons Level 3, Protoss Air Armor Level 2  
  194  17:45  Tempest  
  194  17:58  Observer  
  200  18:07  Shadow Stride  
  200  18:10  Dark Templar x3  
  180  18:36  Zealot x5  
  180  18:37  Zealot x3  
  172  18:58  Tempest x4  
  172  18:59  Void Ray  
  194  19:03  Zealot x3  
  200  19:40  Protoss Shields Level 1  
  172  20:14  Dark Templar x4  
  172  20:15  Zealot x5  
  172  20:16  Zealot x2  
  178  20:36  Void Ray x5  
Show
View Real Time Build Order
Export as new Build Order

Common Zerg 

Build Orders: Hatch First, Brood Lord Corruptor, Lurkers 

Get SALT Encoding   

  12  0:01  Drone  
  13  0:13  Overlord  
  13  0:18  Drone  
  14  0:31  Drone x2  
  14  0:35  Drone  
  17  0:53  Hatchery  
  16  0:57  Drone  
  16  1:00  Drone  
  18  1:11  Extractor  
  18  1:17  Spawning Pool  
  16  1:20  Drone  
  17  1:28  Drone  
  17  1:30  Drone  
  19  1:39  Drone  
  20  1:50  Drone  
  21  2:07  Queen  
  23  2:08  Queen  
  23  2:10  Drone x2  
  23  2:11  Drone  
  28  2:20  Overlord  
  28  2:27  Metabolic Boost  
  28  2:40  Hatchery  
  28  2:43  Drone  
  28  2:52  Drone x4  
  28  2:56  Overlord  
  32  3:02  Zergling x2  
  32  3:04  Zergling x2  
  34  3:10  Overlord  
  34  3:15  Zergling x2  
  34  3:16  Zergling x2  
  34  3:17  Zergling x4  
  38  3:21  Drone  
  38  3:22  Drone x2  
  38  3:26  Drone  
  42  3:27  Drone  
  43  3:37  Overlord x2  
  43  3:52  Queen  
  45  3:56  Lair  
  45  4:00  Extractor, Drone x8  
  52  4:06  Spore Crawler  
  52  4:07  Spore Crawler  
  50  4:14  Queen  
  52  4:19  Spore Crawler  
  51  4:24  Extractor  
  51  4:25  Drone x6  
  51  4:30  Queen  
  60  4:38  Drone x4  
  61  4:52  Roach Warren  
  60  4:53  Evolution Chamber x2  
  58  5:04  Drone x2  
  60  5:08  Extractor  
  59  5:15  Overlord x4  
  59  5:23  Overlord  
  59  5:26  Zerg Missile Weapons Level 1, Zerg Ground Armor Level 1  
  59  5:31  Glial Reconstitution  
  59  5:32  Hydralisk Den  
  59  5:33  Zergling x2  
  59  5:35  Zergling x2  
  60  5:36  Zergling x2  
  61  5:46  Drone x11  
  72  5:59  Drone x7  
  72  6:02  Grooved Spines  
  79  6:06  Drone  
  79  6:14  Overlord x2  
  79  6:21  Lurker Den  
  79  6:22  Extractor  
  79  6:25  Extractor, Hydralisk  
  76  6:26  Hydralisk  
  80  6:36  Hatchery  
  79  6:43  Roach  
  79  6:44  Roach x7  
  95  6:54  Drone x3  
  96  6:56  Drone x2  
  96  6:57  Drone  
  96  6:58  Drone x3  
  104  7:13  Muscular Augments  
  104  7:31  Zerg Ground Armor Level 2, Zerg Missile Weapons Level 2  
  104  7:39  Extractor  
  104  7:41  Extractor  
  104  7:42  Infestation Pit  
  104  7:43  Spire  
  100  7:49  Lurker  
  100  7:50  Lurker  
  102  7:52  Drone x9  
  102  7:53  Hatchery, Drone x8  
  102  7:55  Extractor, Overlord  
  102  7:56  Extractor, Overlord  
  116  8:10  Queen  
  116  8:12  Drone  
  119  8:24  Hydralisk  
  119  8:25  Hydralisk x7  
  135  8:28  Overlord  
  135  8:29  Overlord x3  
  135  8:31  Spine Crawler  
  135  8:32  Spore Crawler  
  135  8:33  Hive  
  133  8:34  Spine Crawler  
  132  8:46  Overseer  
  132  8:48  Hydralisk  
  132  8:49  Hydralisk x6  
  132  8:55  Lurker x4  
  150  9:16  Corruptor  
  149  9:17  Corruptor x4  
  159  9:24  Queen x2  
  159  9:25  Queen x2  
  167  9:34  Zergling x2  
  168  9:44  Greater Spire  
  168  9:45  Adaptive Talons  
  168  9:49  Zerg Missile Weapons Level 3  
  168  9:52  Zerg Ground Armor Level 3  
  168  9:57  Spine Crawler  
  168  9:59  Spine Crawler, Spore Crawler  
  165  10:09  Overlord x4  
  165  10:16  Overseer  
  165  10:17  Overseer  
  165  10:32  Corruptor  
  165  10:33  Corruptor x7  
  181  10:47  Hydralisk  
  181  10:48  Hydralisk x5  
  193  11:05  Drone x6  
  199  11:48  Spore Crawler  
  199  11:49  Spore Crawler  
  199  11:50  Spore Crawler x2  
  199  11:51  Spore Crawler x2  
  199  11:52  Spore Crawler  
  199  11:53  Spore Crawler  
  191  11:54  Spore Crawler  
  191  11:55  Spore Crawler x3  
  191  11:56  Spore Crawler  
  191  11:57  Spore Crawler, Drone x3  
  191  11:58  Drone x5  
  191  11:59  Spore Crawler  
  183  12:49  Brood Lord  
  183  12:50  Brood Lord x8  
  194  13:51  Corruptor  
  194  13:52  Corruptor  
  169  14:11  Corruptor x12  
  169  14:12  Corruptor x4  
  169  14:27  Zerg Melee Weapons Level 1  
  169  14:28  Zerg Flyer Weapons Level 1  
  169  14:31  Overlord  
  169  14:32  Overlord x3  
  169  14:33  Queen  
  171  14:42  Corruptor x7  
  179  15:02  Spire, Drone  
  179  15:03  Drone x5  
  184  15:07  Pathogen Glands  
  182  15:26  Corruptor x3  
  182  15:27  Corruptor x3  
  190  15:30  Overseer  
  190  15:37  Zergling x16  
  190  15:38  Zergling x2  
  199  15:46  Spine Crawler  
  199  15:47  Spine Crawler  
  197  15:56  Zergling x2  
  198  16:03  Drone x2  
  200  16:09  Extractor, Hatchery  
  198  16:12  Extractor  
  197  16:23  Zerg Flyer Armor Level 1  
  197  16:28  Adrenal Glands  
  197  16:31  Zerg Flyer Weapons Level 2  
  169  16:43  Corruptor  
  169  16:44  Corruptor x8  
  186  17:15  Drone  
  186  17:16  Spine Crawler, Drone x13  
  186  17:17  Spine Crawler  
  189  17:31  Queen  
  189  17:59  Overseer  
  189  18:02  Overlord x5  
  189  18:04  Zerg Melee Weapons Level 2  
  189  18:15  Hydralisk x4  
  189  18:16  Hydralisk  
  175  18:59  Spore Crawler  
  175  19:00  Spore Crawler  
  175  19:01  Spore Crawler  
  175  19:02  Spore Crawler  
  165  19:04  Spore Crawler x2  
  165  19:06  Corruptor  
  165  19:07  Spore Crawler, Corruptor x18  
  198  19:10  Spore Crawler  
  198  19:13  Overseer  
  195  19:17  Overseer  
  195  19:21  Queen  
  195  19:23  Drone x3  
  192  19:24  Drone x2  
  192  19:25  Drone  
  179  19:43  Hydralisk  
  179  19:44  Hydralisk x9  
  122  20:17  Hydralisk x4  
  122  20:18  Hydralisk x4  
  104  20:42  Hydralisk  
  98  20:43  Hydralisk x9  
Tags
 
Add a new tag
Caveats
  • Supply blocks, unpowered buildings, or Contaminate may cause inaccurate times.
  • Supply counts are checked every 10 seconds.